 Dungeon Crawl Stone Soup version 0.27-a0-1548-gf8a67e7463 (webtiles) character file.

Game seed: 8402239708041970480

83 Spaninq the Digger (level 4, 0/33 HPs)
             Began as a Ghoul Earth Elementalist on July 13, 2021.
             Slain by an orc (2 damage)
             ... on level 3 of the Dungeon.
             The game lasted 00:06:40 (3396 turns).

Spaninq the Digger (Ghoul Earth Elementalist)       Turns: 3396, Time: 00:06:41

Health: 0/33       AC:  2    Str: 11    XL:     4   Next: 44%
Magic:  1/6        EV: 12    Int: 11    God:
Gold:   131        SH:  0    Dex:  9    Spells: 4/8 levels left

rFire    + . .     SeeInvis +   (no weapon)
rCold    + + .     Faith    .   (no shield)
rNeg     + + +     Spirit   .   b - +0 robe
rPois    ∞         Reflect  .   (no helmet)
rElec    .         Harm     .   i - scarf {rC+ rF+}
rCorr    .         Rampage  .   (no gloves)
Will     .....                  (no boots)
Stlth    ++........             (no amulet)
HPRegen  0.00/turn              d - ring of see invisible
MPRegen  0.10/turn              (no ring)

@: very slightly contaminated
A: claws 1, cold resistance 1, negative energy resistance 3, inhibited
regeneration, torment resistance 2
a: no special abilities


You were on level 3 of the Dungeon.
You visited 1 branch of the dungeon, and saw 3 of its levels.

You collected 131 gold pieces.

Inventory:

Missiles
 c - 44 stones
Armour
 b - a +0 robe (worn)
 i - a scarf of resistance (worn)
Jewellery
 d - a ring of see invisible (left claw)
Scrolls
 e - a scroll of summoning {unknown}
 f - a scroll of identify {unknown}
 h - a scroll of amnesia {unknown}
Potions
 a - 2 potions of attraction {unknown}
 g - 2 potions of cancellation {unknown}


   Skills:
 - Level 1.7 Dodging
 - Level 2.1 Stealth
 + Level 2.5 Spellcasting
 + Level 0.1 Conjurations
 - Level 0.8 Transmutations
 * Level 4.9 Earth Magic


You had 4 spell levels left.
You knew the following spells:

 Your Spells              Type           Power      Damage    Failure   Level
a - Sandblast             Erth           24%        2d8       3%          1
b - Stone Arrow           Conj/Erth      14%        3d7       28%         3

Your spell library contained the following spells:

 Spells                   Type           Power      Damage    Failure   Level
 Passwall                 Tmut/Erth      5%         N/A       13%         2
 Petrify                  Tmut/Erth      7%         N/A       63%         4


Dungeon Overview and Level Annotations

Branches:
Dungeon (3/15)

Altars:
Qazlal

Shops:
D:1 !(:


Innate Abilities, Weirdness & Mutations

You thrive by killing the living.
You are immune to poison.
You have sharp fingernails.
Your flesh is cold resistant. (rC+)
You are immune to negative energy. (rN+++)
You do not regenerate when monsters are visible.
You are immune to unholy pain and torment.


Message History

The orc hits you with a +0 dagger.
* * * LOW HITPOINT WARNING * * *
Casting: Sandblast (safe; 3% risk of failure)
Confirm with . or Enter, or press ? or * to list all spells.
Aiming: Sandblast (safe; 3% risk of failure)
Press: ? - help, Shift-Dir - straight line, f/p - orc
Aim: an orc, wielding a +0 dagger (79% to hit)
The blast of sand hits the orc!
You kill the orc!
Casting: Sandblast (safe; 3% risk of failure)
Confirm with . or Enter, or press ? or * to list all spells.
Aiming: Sandblast (safe; 3% risk of failure)
Press: ? - help, Shift-Dir - straight line, f - orc
Aim: an orc, wielding a +0 club (79% to hit)
You miscast Sandblast.
Nothing appears to happen.
The orc hits you with a +0 club.
* * * LOW HITPOINT WARNING * * *
Casting: Sandblast (safe; 3% risk of failure)
Confirm with . or Enter, or press ? or * to list all spells.
Aiming: Sandblast (safe; 3% risk of failure)
Press: ? - help, Shift-Dir - straight line, f/p - orc
Aim: an orc, wielding a +0 club (79% to hit)
The blast of sand hits the orc.
The orc is almost dead.
The orc hits you with a +0 club.
* * * LOW HITPOINT WARNING * * *
You barely miss the orc.
The orc is almost dead.
The orc misses you.
You barely miss the orc.
The orc is almost dead.
The orc hits you with a +0 club.
* * * LOW HITPOINT WARNING * * *
Casting: Sandblast (safe; 3% risk of failure)
Confirm with . or Enter, or press ? or * to list all spells.
Aiming: Sandblast (safe; 3% risk of failure)
Press: ? - help, Shift-Dir - straight line, f/p - orc
Aim: an orc, wielding a +0 club (almost dead, 79% to hit)
The blast of sand misses the orc.
The orc hits you with a +0 club.
You die... #..# .... #.>##### #..P.PPPPP.P.

#......## #..P.......P.
########.##...####..P.P...P.P.
#.))........†.......P.P._.P.P.
#.######.##...####..P.P...P.P.
####[# #.##.#.###...P.......P.
.....# #...###o.....P.PPPPP.P.
###### ###..#@##..#...........
#.#.####.##..##..#..# #.#.#
#..)..###....# ..#.# #######
###o.# ###..# o.# .## #.# #.
.. #. .. #. .


You could see an orc.

Vanquished Creatures
  An orc wizard (D:3)
  An adder (D:2)
  A worm (D:3)
  2 dart slugs (D:2)
  7 orcs (D:3)
  2 bats (D:1)
  5 endoplasms
  2 giant cockroaches
  A goblin (D:1)
  2 quokkas
  2 ball pythons
  2 frilled lizards (D:1)
  3 kobolds (D:1)
  5 rats (D:1)
36 creatures vanquished.

Vanquished Creatures (others)
  3 toadstools (D:1)
3 creatures vanquished.

Grand Total: 39 creatures vanquished

Notes
Turn   | Place    | Note
-------+----------+-------------------------------------------
     0 | D:1      | Spaninq the Ghoul Earth Elementalist began the quest for
                  | the Orb.
     0 | D:1      | Reached XP level 1. HP: 14/14 MP: 2/2
   328 | D:1      | Found Welapt's Distillery.
   449 | D:1      | Reached XP level 2. HP: 14/20 MP: 4/4
   583 | D:1      | Found a faded altar of an unknown god.
   595 | D:1      | Found Ygua's Weapon Shop.
   673 | D:1      | Found Toat's Book Shoppe.
   713 | D:1      | Found Atoblogirr's General Store.
   964 | D:1      | Reached skill level 4 in Earth Magic
  1827 | D:2      | Reached XP level 3. HP: 16/26 MP: 5/5
  1951 | D:2      | Learned a level 3 spell: Stone Arrow
  2912 | D:3      | HP: 1/26 [orc wizard (3)]
  2914 | D:3      | Reached XP level 4. HP: 1/33 MP: 0/6
  3333 | D:3      | Found a stormy altar of Qazlal.
  3396 | D:3      | Slain by an orc

Illustrated notes

Levels and vault maps discovered:
D:1:      dpeg_arrival_windows_large_door, layout_loops_ring, serial_shops,
          shop, shop, nicolae_shop_crystal,
          nicolae_shop_temple_entry_statues_fountains,
          shapermc_ecumenical_altar_pompeii, minmay_gold_behind_fungi
D:2:      layout_basic
D:3:      layout_loops_ring, mainiacjoe_overflow_cross_hatched,
          chequers_serial_rivers_room_b, chequers_big_river

Skill      XL: |  1  2 |
---------------+-------+-----
Spellcasting   | 2 |  2.5
Earth Magic    | 4 |  4.9
Dodging        | |  1.7
Stealth        | |  2.1
Conjurations   | |  0.1
Transmutations | |  0.8

Action                   |  1- 3 |  4- 6 || total
-------------------------+-------+-------++-------
Melee: Unarmed           |   156 |    39 ||   195
 Cast: Sandblast         |     8 |     8 ||    16
 Stab: Sleeping          |     2 |       ||     2
Armor: Robe              |    30 |     7 ||    37
Dodge: Dodged            |    94 |    17 ||   111

Table legend: (Time is in decaauts)
 A = Elapsed time spent in this place.
 B = Non-inter-level travel time spent in this place.
 C = Inter-level travel time spent in this place.
 D = Time resting spent in this place.
 E = Time spent auto-exploring this place.
 F = Levels seen in this place.
 G = Mean time per level.
                   A        B        C        D        E       F      G
               +--------+--------+--------+--------+--------+-----+--------+
         Total |   3397 |   3389 |      8 |   1358 |   1531 |   3 | 1132.3 |
       Dungeon |   3397 |   3389 |      8 |   1358 |   1531 |   3 | 1132.3 |
               +--------+--------+--------+--------+--------+-----+--------+

Top non-repeatable levels by time:
     D:2: 1563 daAuts
     D:1: 1211 daAuts
     D:3: 622 daAuts
